Map: King's Cove LE

Players

ZaZen - Winner!

  • Race: Terran Terran
  • League: Silver
  • Spawn Location: 5:00

JYPainting

  • Race: Protoss Protoss
  • League: Silver
  • Spawn Location: 11:00

VOD

Have the link to the VOD?

Description

Time

  • Played on: May 18, 2019, 11:15 p.m.
  • Length: 18:20
Show
View Real Time Build Order
Export as new Build Order

ZaZen Terran - Winner!

Build Orders:  

Get SALT Encoding   

  12  0:05  SCV  
  13  0:21  Supply Depot  
  13  0:23  Refinery  
  13  0:24  SCV  
  14  0:37  SCV  
  15  0:46  Barracks  
  15  0:52  SCV  
  16  1:04  SCV  
  17  1:17  SCV  
  18  1:33  Orbital Command  
  18  1:34  Barracks Reactor  
  18  1:46  Factory  
  18  1:59  SCV  
  19  2:11  Marine x2  
  21  2:18  Supply Depot  
  21  2:28  Command Center  
  21  2:30  Factory Tech Lab  
  21  2:31  Marine x2  
  23  2:40  Refinery  
  23  2:50  Bunker, Marine x2  
  25  2:57  Starport  
  25  3:05  SCV  
  26  3:07  Supply Depot  
  26  3:20  Cyclone  
  26  3:24  Marine x2  
  31  3:34  SCV  
  31  3:37  Starport Tech Lab  
  32  3:45  Supply Depot  
  32  3:46  Marine x2  
  34  3:52  Orbital Command  
  34  4:08  Supply Depot  
  34  4:09  Raven  
  36  4:23  Refinery  
  36  4:29  Cyclone  
  39  4:40  SCV x2  
  41  4:52  SCV  
  42  5:00  SCV  
  42  5:05  SCV  
  44  5:08  Command Center  
  44  5:09  Stimpack  
  44  5:18  Siege Tank  
  47  5:26  SCV x2  
  49  5:34  Barracks  
  49  5:42  Barracks  
  49  5:46  SCV x2  
  51  5:58  Engineering Bay  
  51  6:00  Engineering Bay  
  51  6:11  Viking  
  51  6:13  Viking  
  55  6:27  Factory  
  55  6:30  Barracks Reactor  
  55  6:31  Barracks Reactor  
  55  6:36  Terran Infantry Weapons Level 1, Terran Infantry Armor Level 1  
  55  6:38  SCV  
  56  6:48  SCV  
  56  6:50  SCV  
  56  6:51  Orbital Command  
  58  7:00  Medivac  
  60  7:04  Medivac  
  62  7:12  SCV  
  62  7:13  SCV  
  64  7:17  Marauder  
  64  7:18  Marine x3  
  64  7:20  Factory Tech Lab  
  69  7:25  SCV x2  
  71  7:32  Siege Tank  
  74  7:38  Combat Shield  
  74  7:42  Marine x2  
  74  7:43  Marine x2  
  78  7:46  Marauder, Orbital Command  
  78  7:50  Siege Tank  
  83  8:12  SCV x2  
  85  8:17  Supply Depot  
  85  8:18  Supply Depot  
  85  8:22  SCV, Siege Tank  
  85  8:24  Siege Tank  
  92  8:29  SCV  
  92  8:31  Refinery  
  93  8:35  Refinery  
  93  8:39  SCV x2  
  93  8:41  SCV  
  96  8:42  Supply Depot  
  96  8:43  Supply Depot  
  96  8:45  Armory  
  96  8:46  Missile Turret  
  96  8:48  Missile Turret  
  96  8:51  SCV  
  96  8:52  Missile Turret  
  97  8:57  Sensor Tower  
  97  8:59  SCV x2  
  99  9:03  SCV  
  99  9:05  Viking  
  102  9:14  Refinery  
  102  9:26  SCV x3  
  102  9:30  Marine x4  
  109  9:32  Siege Tank, Marine  
  109  9:34  Medivac  
  109  9:35  Terran Infantry Weapons Level 2, Medivac  
  109  9:38  SCV  
  118  9:46  Missile Turret  
  118  9:47  Marine  
  119  9:53  SCV x3, Sensor Tower  
  122  10:00  Marine x3  
  125  10:07  Marine, Supply Depot  
  125  10:08  SCV x3, Supply Depot  
  129  10:17  Thor  
  129  10:20  SCV  
  136  10:22  Viking  
  138  10:29  Starport  
  138  10:31  Starport, Marine x2  
  140  10:46  SCV x3  
  140  10:47  Marine x2  
  140  10:48  Marauder  
  147  10:50  Viking  
  147  10:52  Viking  
  151  10:58  SCV x2  
  146  11:31  Starport Reactor  
  146  11:32  Starport Reactor  
  146  11:36  Terran Ship Weapons Level 1, Terran Infantry Armor Level 2  
  132  12:03  Viking x2  
  132  12:04  Marine x3  
  132  12:05  Marine x2  
  132  12:06  Hellbat  
  143  12:26  Viking x3  
  143  12:27  Viking, Hellbat  
  143  12:28  Marine x4  
  157  12:35  Viking x2, Marine, Supply Depot  
  162  12:38  Supply Depot  
  162  12:42  Supply Depot  
  162  12:45  Marine x2  
  162  12:48  Starport  
  162  12:49  Hellbat  
  166  12:56  Viking x2  
  170  13:03  Armory  
  170  13:07  Viking x4  
  178  13:14  Starport  
  178  13:26  Viking x2  
  182  13:27  SCV x2  
  182  13:31  Terran Ship Weapons Level 2  
  184  13:41  Starport Reactor  
  184  13:57  Viking x2  
  184  13:58  Viking x3  
  192  14:18  Command Center  
  154  15:26  Viking  
  154  15:27  Viking x3  
  154  15:28  Siege Tank x2  
  168  15:29  Medivac  
  168  15:30  Marine x4  
  168  15:31  Marine  
  155  16:00  Hellion  
  155  16:03  Marine x4  
  155  16:04  Marine  
  160  16:05  Viking x4  
  168  16:15  Viking x4  
  168  16:17  Thor  
  182  16:21  Thor, Marine x2  
  188  16:35  Viking  
  178  17:14  Marine x5  
  183  17:15  Widow Mine  
  183  17:31  Marine  
  183  17:33  Viking x4  
  183  17:34  Viking x4  
Show
View Real Time Build Order
Export as new Build Order

JYPainting Protoss 

Build Orders: Carriers 

Get SALT Encoding   

  1  0:00  Probe  
  13  0:20  Pylon  
  13  0:31  Probe  
  14  0:43  Pylon  
  14  0:44  Probe  
  15  0:56  Probe  
  16  1:03  Gateway  
  16  1:04  Probe  
  17  1:12  Probe  
  17  1:17  Forge  
  18  1:22  Probe  
  19  1:28  Assimilator  
  19  1:34  Probe  
  20  1:46  Probe  
  21  1:54  Nexus  
  21  2:03  Photon Cannon  
  21  2:08  Probe  
  22  2:16  Probe  
  23  2:26  Probe  
  23  2:28  Zealot  
  26  2:38  Probe  
  26  2:39  Cybernetics Core  
  26  2:42  Assimilator  
  27  2:55  Zealot  
  29  3:01  Pylon  
  29  3:09  Pylon  
  29  3:17  Probe  
  29  3:18  Probe  
  30  3:25  Probe  
  31  3:29  Pylon  
  31  3:32  Shield Battery  
  31  3:33  Shield Battery  
  32  3:35  Probe  
  32  3:39  Warp Gate  
  33  3:47  Probe  
  34  3:54  Assimilator  
  34  3:59  Probe  
  35  4:11  Probe  
  35  4:16  Protoss Ground Weapons Level 1  
  36  4:23  Probe  
  37  4:25  Robotics Facility  
  37  4:27  Shield Battery  
  37  4:30  Photon Cannon  
  37  4:35  Probe  
  38  4:39  Pylon  
  38  4:47  Probe, Pylon  
  39  4:55  Probe  
  40  5:04  Probe  
  40  5:07  Pylon  
  40  5:12  Gateway  
  41  5:15  Immortal, Probe  
  46  5:23  Probe  
  47  5:31  Probe  
  47  5:34  Protoss Air Weapons Level 1  
  48  5:36  Stalker  
  48  5:42  Probe  
  51  5:51  Probe  
  51  5:54  Immortal, Probe  
  57  5:59  Photon Cannon  
  57  6:04  Photon Cannon  
  57  6:06  Probe  
  58  6:14  Assimilator  
  58  6:20  Photon Cannon  
  58  6:25  Protoss Shields Level 1  
  56  6:33  Zealot  
  56  6:35  Zealot  
  56  6:38  Nexus  
  60  7:02  Stargate x2  
  58  7:15  Pylon  
  54  7:31  Stalker  
  54  7:32  Stalker  
  58  7:42  Protoss Air Armor Level 1  
  58  7:52  Pylon  
  58  7:55  Pylon  
  58  7:58  Shield Battery  
  58  8:00  Photon Cannon  
  58  8:08  Pylon  
  58  8:09  Probe  
  59  8:16  Assimilator  
  59  8:18  Assimilator  
  59  8:21  Probe  
  59  8:23  Void Ray  
  59  8:24  Void Ray  
  68  8:30  Fleet Beacon  
  68  8:33  Probe  
  69  8:40  Photon Cannon  
  69  8:43  Photon Cannon  
  69  8:45  Probe, Shield Battery  
  70  8:49  Pylon  
  70  8:54  Probe  
  70  9:02  Probe  
  71  9:04  Pylon  
  72  9:10  Probe  
  72  9:13  Stalker  
  72  9:17  Sentry  
  77  9:21  Probe  
  77  9:23  Carrier x2  
  90  9:24  Protoss Ground Armor Level 1  
  90  9:32  Stargate  
  90  9:33  Probe  
  90  9:35  Stargate  
  91  9:51  Nexus  
  91  10:02  Stalker  
  91  10:03  Stalker  
  95  10:09  Nexus, Pylon  
  95  10:13  Photon Cannon  
  95  10:16  Shield Battery  
  95  10:19  Photon Cannon  
  95  10:20  Probe  
  96  10:28  Probe  
  96  10:30  Stalker  
  96  10:31  Stalker  
  101  10:38  Probe  
  102  10:50  Probe  
  103  11:02  Carrier x3  
  121  11:05  Tempest  
  126  11:20  Stalker  
  126  11:21  Stalker  
  84  11:57  Stalker  
  84  11:59  Stalker  
  84  12:00  Probe  
  78  12:04  Carrier x2  
  78  12:05  Carrier x2  
  78  12:08  Probe  
  101  12:18  Probe  
  102  12:24  Probe  
  103  12:32  Probe  
  104  12:42  Probe  
  104  12:50  Probe  
  105  12:51  Protoss Air Weapons Level 2  
  105  12:53  Probe  
  105  12:58  Probe  
  107  13:02  Probe  
  108  13:07  Probe  
  108  13:08  Tempest  
  108  13:10  Probe  
  108  13:11  Assimilator  
  115  13:18  Probe  
  115  13:19  Probe  
  117  13:21  Carrier  
  124  13:27  Probe  
  125  13:39  Sentry  
  125  13:40  Stalker, Probe  
  130  13:52  Probe  
  131  14:04  Probe  
  131  14:09  Nexus  
  127  14:17  Carrier  
  127  14:18  Carrier  
  137  14:28  Nexus  
  137  14:30  Stalker  
  137  14:31  Stalker  
  129  14:40  Mothership  
  129  14:43  Tempest x2  
  129  14:54  Observer  
  129  14:59  Probe  
  125  15:08  Probe  
  125  15:11  Stalker  
  125  15:12  Stalker  
  119  15:15  Immortal  
  119  15:17  Probe  
  118  15:29  Probe  
  111  15:42  Probe  
  89  15:55  Stalker  
  86  15:57  Stalker  
  92  16:07  Tempest  
  93  16:24  Assimilator  
  91  16:32  Pylon  
  88  16:34  Pylon  
  88  16:35  Pylon  
  82  16:41  Stalker  
  82  16:42  Stalker, Pylon  
  82  16:43  Pylon  
  82  16:46  Pylon  
  86  16:51  Cybernetics Core  
  85  16:54  Forge  
  65  17:09  Robotics Facility  
  65  17:13  Stargate  
  59  17:15  Fleet Beacon  
  43  17:32  Gateway  
  43  17:33  Gateway  
  43  17:34  Gateway  
  43  17:36  Probe, Gateway  
  43  17:44  Probe  
  44  17:52  Pylon x2  
  44  17:54  Probe, Pylon  
  44  17:55  Pylon  
Tags
 
Composition
Carriers
Matchup
PvT
Spawn Locations
Cross Positions
Add a new tag
Caveats
  • Supply blocks, unpowered buildings, or Contaminate may cause inaccurate times.
  • Supply counts are checked every 10 seconds.